 Dungeon Crawl Stone Soup version 0.21-a0-200-gb89f83b (webtiles) character file.

1716 aurelian the Martial Artist (level 9, -7/61 HPs)
             Began as a Gnoll Transmuter on Aug 15, 2017.
             Was an Initiate of Okawaru.
             Mangled by an orc warrior
             ... wielding a +0 scimitar
              (20 damage)
             ... on level 7 of the Dungeon on Aug 16, 2017.
             The game lasted 00:23:17 (9580 turns).

aurelian the Martial Artist (Gnoll Transmuter)      Turns: 9580, Time: 00:23:17

Health: -7/61      AC:  2    Str:  7    XL:     9   Next: 4%
Magic:  10/10      EV: 21    Int:  7    God:    Okawaru [......]
Gold:   65         SH:  0    Dex:  7    Spells: 8/14 levels left

rFire    . . .     SeeInvis +     - Unarmed
rCold    . . .     Gourm    .   (shield currently unavailable)
rNeg     . . .     Faith    .   (armour currently unavailable)
rPois    x         Spirit   .   (helmet currently unavailable)
rElec    .         Reflect  .   (cloak currently unavailable)
rCorr    .         Harm     .   (gloves currently unavailable)
MR       +....                  (boots currently unavailable)
Stlth    +++.......             (no amulet)
HPRegen  0.00/turn              p - ring of see invisible
MPRegen  0.12/turn              (no ring)

@: spider-form (expiring)
A: unchanging attributes, blurry vision 1, frail 1, low mp 2, magic resistance
1, inhibited regeneration, strong nose
a: End Transformation, Renounce Religion


You were on level 7 of the Dungeon.
You worshipped Okawaru.
Okawaru was noncommittal.
You were hungry.
You were a venomous arachnid creature.
You visited 2 branches of the dungeon, and saw 8 of its levels.
You also visited: Sewer.

You collected 261 gold pieces.
You spent 196 gold pieces at shops.

Inventory:

Missiles
 a - 54 arrows
 e - 221 stones (quivered)
 k - 38 sling bullets
Armour
 b - a +0 robe
 m - a +0 pair of boots (melded)
 s - the +2 leather armour "Muetaoq" (melded) {MP+9 Int+4 Stlth+}
   (You bought it in a shop on level 5 of the Dungeon)

   It affects your intelligence (+4).
   It affects your magic capacity (+9).
   It makes you more stealthy.
 z - a +0 shield
 C - a +0 cloak (melded)
Jewellery
 p - a ring of see invisible (left front leg)
Wands
 n - a wand of polymorph (8/24)
 A - a wand of clouds (9/9)
Scrolls
 f - 4 scrolls of identify
 h - a scroll of enchant weapon
 i - 6 scrolls of teleportation
 j - 5 scrolls of remove curse
Potions
 l - a potion of ambrosia
 o - a potion of magic {unknown}
 q - 2 potions of degeneration {unknown}
 r - 4 potions of agility
 u - 2 potions of might
 w - a potion of cancellation {unknown}
Books
 c - a book of Changes

   Spells                             Type                      Level
   a - Beastly Appendage              Transmutation                1
   b - Sticks to Snakes               Transmutation                2
   c - Spider Form                    Transmutation/Poison         3
   d - Ice Form                       Ice/Transmutation            4
   e - Blade Hands                    Transmutation                5
Comestibles
 d - 4 bread rations


   Skills:
 - Level 5.0 Fighting
 - Level 5.5 Dodging
 - Level 6.0 Stealth
 + Level 9.0 Unarmed Combat
 - Level 3.0 Spellcasting
 + Level 7.1 Transmutations
 - Level 4.0 Poison Magic


You had 8 spell levels left.
You knew the following spells:

 Your Spells              Type           Power        Failure   Level  Hunger
a - Beastly Appendage     Tmut           ##....       8%          1    ##.....
b - Sticks to Snakes      Tmut           ##......     10%         2    ###....
c - Spider Form           Tmut/Pois      #.........   26%         3    ####...


Dungeon Overview and Level Annotations

Branches:
Dungeon (7/15)             Temple (1/1) D:5

Altars:
Cheibriados
Dithmenos
Elyvilon
Fedhas
Gozag
Hepliaklqana
Kikubaaqudgha
Makhleb
Nemelex Xobeh
Okawaru
Qazlal
Ru
Sif Muna
Trog
Uskayaw
Vehumet
Wu Jian
Xom
Yredelemnul
The Shining One

Shops:
D:4 =   D:5 [

Annotations:
D:4 killcat's ghost, novice HuSk
D:7 Prince Ribbit


Innate Abilities, Weirdness & Mutations

Your physical attributes are unchanging.
((You have very sharp teeth.))
Your uncanny sense of smell can sniff out nearby items.
((You have sharp toenails.))
((You are partially covered in molten scales. (AC +2)))
((You are partially covered in thin metallic scales. (AC +2)))
Scrolls take you a little longer to read.
You are frail. (-10% HP)
Your magical capacity is very low. (-20% MP)
You are resistant to hostile enchantments. (MR+)
((Your system is resistant to poisons. (rPois)))
You do not regenerate when monsters are visible.


Message History

The hippogriff bites you. The hippogriff misses you.
The hippogriff barely misses you.
The orc wizard mumbles some strange words.
The orc wizard blinks!
You hit the hippogriff but do no damage.
The hippogriff looks as sick as possible!
The hippogriff is heavily wounded.
The hippogriff misses you. The hippogriff pecks you!
The hippogriff barely misses you.
The orc warrior throws a tomahawk.
The tomahawk barely misses you.
Unknown command.
You hit the hippogriff but do no damage.
The hippogriff is heavily wounded.
Your transformation is almost over.
The hippogriff bites you! The hippogriff pecks you!
* * * LOW HITPOINT WARNING * * *
The hippogriff misses you.
Unknown command.
The orc warrior hits you with a scimitar!!
You die...

#...### z#..
## ....[ ∆ .
...... .# #.#
#(.# ##..#
##.#
#..###....#
#s#)<..#
#....oH[####
....#.......#
.. #.......#
.........#
##.........
#.......##.
#o.§$...#


You could see a hippogriff, an orc warrior and an orc wizard.

Vanquished Creatures
  2 sky beasts
  A phantom (D:5)
  3 ogres
  A centaur (D:6)
  4 bullfrogs (D:6)
  3 crimson imps
  2 bullfrog zombies (D:6)
  3 hounds
  2 orc priests
  Crazy Yiuf (D:5)
  A centaur skeleton (D:4)
  3 orc wizards
  An iguana (D:6)
  3 worker ants
  A worker ant zombie (D:5)
  9 adders
  4 gnolls (D:6)
  3 river rats (Sewer)
  An adder zombie (D:6)
  3 dart slugs
  4 worms
  7 leopard geckos
  16 orcs
  4 ball pythons
  3 bats
  4 giant cockroaches
  11 goblins
  4 hobgoblins
  A jackal (D:3)
  10 kobolds
  A quokka (D:4)
  10 frilled lizards
  3 jackal skeletons
  A jackal zombie (D:6)
  A leopard gecko zombie (D:5)
  A quokka skeleton (D:4)
  15 rats
147 creatures vanquished.

Vanquished Creatures (collateral kills)
  An adder (D:3)
  A ball python (Sewer)
  A frilled lizard (Sewer)
3 creatures vanquished.

Grand Total: 150 creatures vanquished

Notes
Turn   | Place    | Note
-------+----------+-------------------------------------------
     0 | D:1      | aurelian the Gnoll Transmuter began the quest for the Orb.
     0 | D:1      | Reached XP level 1. HP: 15/15 MP: 4/4
   378 | D:1      | Reached XP level 2. HP: 21/21 MP: 4/6
   421 | D:1      | Learned a level 2 spell: Sticks to Snakes
   986 | D:1      | Reached XP level 3. HP: 22/26 MP: 5/7
  1192 | D:1      | Learned a level 3 spell: Spider Form
  1620 | D:2      | Found a white marble altar of Elyvilon.
  1622 | D:2      | Found a radiant altar of Vehumet.
  1622 | D:2      | Found a sparkling altar of Nemelex Xobeh.
  1722 | D:2      | Reached skill level 1 in Poison Magic
  1746 | D:2      | HP: 1/26 [poisoned by an adder]
  2202 | D:2      | Reached skill level 5 in Unarmed Combat
  2641 | D:3      | Reached XP level 4. HP: 24/32 MP: 3/8
  2981 | D:3      | Found a glowing drain.
  2990 | Sewer    | Entered a sewer
  3954 | D:3      | Reached XP level 5. HP: 34/37 MP: 5/9
  4183 | D:3      | You fall through a shaft for 3 floors!
  4195 | D:6      | Reached skill level 1 in Stealth
  4252 | D:6      | Noticed an ogre
  4701 | D:6      | Reached XP level 6. HP: 46/46 MP: 4/10
  4922 | D:6      | Noticed a sky beast
  4978 | D:6      | Reached skill level 6 in Unarmed Combat
  4978 | D:6      | Reached XP level 7. HP: 44/53 MP: 5/11
  5228 | D:6      | Gained mutation: You are frail. (-10% HP) [mutagenic meat]
  5229 | D:6      | Gained mutation: You are partially covered in molten scales. (AC +2) [mutagenic meat]
  5230 | D:6      | Gained mutation: You do not regenerate when monsters are visible. [mutagenic meat]
  5231 | D:6      | Gained mutation: You are partially covered in thin metallic scales. (AC +2) [mutagenic meat]
  5232 | D:6      | Gained mutation: Your system is resistant to poisons. (rPois) [mutagenic meat]
  5443 | D:5      | Entered Level 5 of the Dungeon
  5476 | D:5      | Reached skill level 5 in Dodging
  5642 | D:4      | Noticed killcat's ghost (novice HuSk)
  6215 | D:3      | Reached XP level 8. HP: 38/54 MP: 8/12
  6671 | D:4      | Reached skill level 5 in Fighting
  7128 | D:4      | Reached skill level 5 in Stealth
  7158 | D:4      | Found Qisiti's Jewellery Shop.
  7238 | D:4      | Reached skill level 7 in Unarmed Combat
  7819 | D:5      | Reached skill level 5 in Transmutations
  7830 | D:5      | Gained mutation: Scrolls take you a little longer to read. [mutagenic meat]
  7831 | D:5      | Gained mutation: You have sharp toenails. [mutagenic meat]
  7832 | D:5      | Gained mutation: Your magical capacity is low. (-10% MP) [mutagenic meat]
  7833 | D:5      | Gained mutation: You are resistant to hostile enchantments. (MR+) [mutagenic meat]
  7834 | D:5      | Gained mutation: Your magical capacity is very low. (-20% MP) [mutagenic meat]
  8066 | D:5      | Found Deseo's Antique Armour Emporium.
  8074 | D:5      | Bought a spiked leather armour for 196 gold pieces
  8084 | D:5      | Identified the +2 leather armour "Muetaoq" {MP+9 Int+4 Stlth+} (You bought it in a shop on level 5 of the Dungeon)
  8084 | D:5      | Upgraded the game from 0.21-a0-196-g6a663c0 to 0.21-a0-200-gb89f83b
  8374 | D:5      | Reached skill level 8 in Unarmed Combat
  8471 | D:5      | Found a runed door.
  8503 | D:5      | Noticed Crazy Yiuf
  8509 | D:5      | Killed Crazy Yiuf
  8705 | D:5      | Found a staircase to the Ecumenical Temple.
  8714 | Temple   | Entered the Ecumenical Temple
  8768 | Temple   | Became a worshipper of Warmaster Okawaru
  8936 | D:5      | Found an opulent altar of Gozag.
  9292 | D:7      | Noticed a hippogriff
  9370 | D:6      | Reached XP level 9. HP: 57/61 MP: 10/10
  9394 | D:6      | Reached skill level 9 in Unarmed Combat
  9497 | D:7      | Noticed Prince Ribbit
  9580 | D:7      | Mangled by an orc warrior

Vault maps used:
D:1:      dpeg_arrival_simpleton_a
D:2:      grunt_temple_overflow_open
D:3:      first_bread, portal_sewer_entry_d, minmay_item_behind_shaft
D:4:      serial_shops, shop_fountains
D:5:      lemuel_doored_altar, lemuel_temple_firewalk_b, serial_shops,
          shop_fountains, kennysheep_diamond, uniq_crazy_yiuf_cottage
D:7:      nicolae_overflow_crystal_walls, marbit_many_paths, uniq_prince_ribbit1
Temple:   compressed_dpeg_circular_temple
Sewer:    sewer_co_cracked_pipes

Skill      XL: |  1  2  3  4  5  6  7  8  9 |
---------------+----------------------------+-----
Transmutations | 3 4 7 |  7.1
Poison Magic   | 2 4 |  4.0
Unarmed Combat | 5 6 8 9 |  9.0
Dodging        | 3 4 5 |  5.5
Stealth        | 2 3 4 6 |  6.0
Fighting       | 2 3 4 5 |  5.0
Spellcasting   | |  3.0

Action                   |  1- 3 |  4- 6 |  7- 9 || total
-------------------------+-------+-------+-------++-------
Melee: Unarmed           |   163 |   124 |   274 ||   561
       Headbutt          |     7 |       |       ||     7
       Kick              |     4 |       |       ||     4
       Bite              |     5 |       |     1 ||     6
       Punch             |     3 |       |       ||     3
 Cast: Beastly Appendage |    35 |     2 |     2 ||    39
       Sticks to Snakes  |     4 |     7 |       ||    11
       Spider Form       |       |    20 |    48 ||    68
  Use: Potion            |     1 |     3 |     4 ||     8
       Scroll            |       |       |    10 ||    10
 Stab: Sleeping          |       |       |     4 ||     4
  Eat: Chunk             |     7 |     8 |    27 ||    42
       Royal jelly       |       |     1 |     1 ||     2
       Meat ration       |       |       |     1 ||     1
Armor: Robe              |    32 |     1 |     4 ||    37
       Skin              |       |     2 |    11 ||    13
Dodge: Dodged            |    85 |   107 |   243 ||   435
